Map: Dreamcatcher LE

Players

DnS

  • Race: Protoss Protoss
  • Spawn Location: 11:00

ShoWTimE - Winner!

  • Race: Protoss Protoss
  • Spawn Location: 5:00

Event: WCS Montreal 2018

VOD

Have the link to the VOD?

Description

Time

  • Played on: Sept. 8, 2018, 12:27 p.m.
  • Length: 10:10

All games in this series

Show
View Real Time Build Order
Export as new Build Order

DnS Protoss 

Build Orders: Zealot Archon 

Get SALT Encoding   

  12  0:00  Probe  
  13  0:12  Probe  
  14  0:17  Pylon  
  14  0:23  Probe  
  15  0:32  Probe  
  15  0:37  Gateway  
  15  0:40  Probe  
  16  0:46  Assimilator  
  17  0:50  Probe  
  17  0:54  Assimilator  
  18  0:59  Probe  
  19  1:07  Gateway, Probe  
  20  1:17  Probe  
  21  1:26  Cybernetics Core  
  21  1:29  Probe  
  22  1:34  Pylon  
  22  1:41  Probe  
  23  1:48  Warp Gate  
  23  1:53  Probe  
  24  2:01  Stalker  
  24  2:02  Stalker  
  28  2:13  Pylon  
  28  2:32  Sentry x2  
  32  2:45  Nexus  
  32  2:48  Probe  
  33  3:00  Stalker  
  33  3:01  Probe  
  35  3:07  Stalker  
  37  3:17  Pylon  
  37  3:20  Probe  
  38  3:31  Shield Battery  
  38  3:32  Probe  
  39  3:38  Shield Battery  
  39  3:44  Probe  
  40  3:52  Stalker x2  
  44  3:56  Probe  
  44  4:00  Shield Battery  
  45  4:04  Probe  
  46  4:16  Stalker x2  
  50  4:24  Shield Battery  
  48  4:25  Probe x2  
  50  4:33  Probe x2  
  52  4:41  Probe x2  
  52  4:42  Stalker  
  52  4:45  Stalker  
  58  4:52  Probe x2  
  60  5:02  Forge  
  60  5:04  Probe x2  
  62  5:08  Pylon  
  62  5:22  Assimilator  
  62  5:24  Assimilator  
  62  5:25  Protoss Ground Weapons Level 1, Twilight Council  
  62  5:26  Probe x2  
  64  5:29  Stalker  
  64  5:32  Stalker  
  64  5:37  Probe x2  
  64  5:45  Probe x2  
  66  5:53  Probe x2, Pylon  
  66  6:02  Robotics Facility  
  66  6:03  Charge  
  68  6:05  Probe x2  
  70  6:17  Probe x2  
  72  6:18  Templar Archives  
  72  6:29  Probe  
  72  6:30  Gateway x2  
  73  6:39  Gateway  
  73  6:40  Gateway  
  73  6:41  Protoss Ground Weapons Level 2  
  73  6:52  Gateway  
  73  6:54  Gateway  
  73  6:55  Observer  
  73  6:57  High Templar x2  
  78  7:11  Pylon  
  78  7:13  Archon  
  78  7:14  Nexus  
  78  7:15  Pylon  
  78  7:31  High Templar x2  
  78  7:32  Pylon  
  78  7:36  Archon  
  82  7:37  Zealot x4  
  82  7:42  Warp Prism  
  92  7:51  High Templar  
  92  7:52  High Templar  
  92  7:56  Archon  
  92  7:57  Pylon  
  96  8:04  Zealot x3  
  102  8:07  Pylon  
  102  8:27  Zealot x4, High Templar x2  
  102  8:28  Zealot x2  
  102  8:31  Archon  
  118  8:35  Pylon  
  115  8:48  Zealot  
  115  8:49  Zealot x5  
  120  9:06  Pylon  
  120  9:07  Pylon  
  114  9:10  High Templar x2  
  114  9:12  Zealot  
  114  9:15  Archon, Pylon  
  118  9:34  High Templar  
  118  9:35  Zealot, High Templar x3  
  126  9:39  Archon  
  126  9:40  Archon  
Show
View Real Time Build Order
Export as new Build Order

ShoWTimE Protoss - Winner!

Build Orders: Phoenix Opening, Zealot Archon 

Get SALT Encoding   

  12  0:00  Probe  
  13  0:12  Probe  
  14  0:17  Pylon  
  14  0:24  Probe  
  15  0:32  Probe  
  15  0:37  Gateway  
  15  0:40  Probe  
  16  0:46  Assimilator  
  17  0:50  Probe  
  17  0:54  Assimilator  
  18  0:58  Probe  
  19  1:06  Probe  
  20  1:11  Gateway  
  20  1:17  Probe  
  20  1:25  Cybernetics Core  
  21  1:29  Probe  
  22  1:34  Pylon  
  22  1:41  Probe  
  23  1:53  Probe  
  24  2:02  Warp Gate, Adept x2  
  28  2:09  Pylon  
  28  2:24  Stargate  
  28  2:29  Adept x2  
  32  2:43  Pylon  
  32  2:56  Adept x2  
  36  3:01  Phoenix  
  38  3:19  Phoenix  
  38  3:33  Nexus  
  40  3:36  Probe  
  41  3:42  Phoenix  
  43  3:49  Probe  
  44  3:55  Pylon  
  44  4:01  Probe  
  45  4:13  Probe  
  46  4:17  Phoenix  
  48  4:25  Probe  
  48  4:30  Forge  
  49  4:33  Pylon  
  49  4:37  Sentry x2  
  53  4:44  Phoenix  
  53  4:57  Shield Battery  
  53  5:01  Stalker  
  53  5:02  Stalker  
  53  5:03  Probe  
  58  5:07  Probe  
  58  5:11  Protoss Ground Weapons Level 1, Probe  
  59  5:15  Probe  
  59  5:19  Probe  
  61  5:25  Probe  
  63  5:31  Probe  
  64  5:36  Probe  
  64  5:39  Pylon  
  65  5:43  Probe  
  65  5:45  Robotics Facility, Probe  
  65  5:53  Probe  
  65  5:54  Assimilator  
  65  5:56  Probe  
  67  5:57  Assimilator  
  67  6:04  Probe  
  67  6:08  Probe  
  69  6:14  Twilight Council  
  69  6:16  Probe  
  70  6:20  Probe  
  71  6:27  Pylon  
  71  6:28  Probe  
  71  6:32  Probe  
  73  6:34  Observer  
  73  6:39  Gateway  
  74  6:40  Probe  
  74  6:41  Gateway  
  74  6:42  Gateway  
  75  6:48  Gateway x2, Immortal  
  75  6:50  Protoss Ground Weapons Level 2  
  75  6:52  Gateway, Charge  
  79  7:05  Pylon  
  79  7:14  Templar Archives  
  79  7:17  Immortal  
  79  7:29  Pylon  
  83  7:35  Nexus  
  83  7:49  Zealot x3  
  89  7:53  High Templar x2  
  89  7:56  Warp Prism  
  95  7:59  Archon  
  95  8:03  Zealot x3  
  101  8:06  Pylon  
  101  8:15  Zealot, High Templar x2  
  107  8:20  Archon  
  107  8:23  Zealot  
  109  8:29  Zealot x2  
  113  8:39  Zealot x2  
  117  8:42  Pylon  
  117  9:00  Zealot x4, High Templar x2  
  117  9:01  Zealot x2  
  133  9:04  Archon  
  133  9:16  Pylon  
  133  9:21  Zealot x2, High Templar x2  
  141  9:25  Archon  
  139  9:32  Zealot  
  139  9:35  Zealot x3  
  145  9:44  Zealot  
  145  9:45  Zealot, Pylon  
  131  9:56  Zealot x5  
Tags
 
Add a new tag
Caveats
  • Supply blocks, unpowered buildings, or Contaminate may cause inaccurate times.
  • Supply counts are checked every 10 seconds.